 Dungeon Crawl Stone Soup version 0.31.0-11-ge490571c62 (webtiles) character file.

Game seed: 5424983266754506585

113 Rassilon the Slasher (level 4, -1/36 HPs)
             Began as a Demonspawn Monk on Jan 28, 2024.
             Was a Believer of Uskayaw.
             Slain by a goblin
             ... wielding a +0 club
              (2 damage)
             ... on level 4 of the Dungeon.
             The game lasted 00:05:49 (1504 turns).

Rassilon the Slasher (Demonspawn Monk)              Turns: 1504, Time: 00:05:50

Health: -1/36      AC:  7    Str: 13    XL:     4   Next: 65%
Magic:  1/4        EV: 13    Int: 11    God:    Uskayaw [**....]
Gold:   144        SH:  0    Dex: 15    Spells: 3/3 levels left

rFire   . . .        a - +0 falchion
rCold   . . .        d - orb {light}
rNeg    . . .        b - +0 robe
rPois   .            g - +1 helmet
rElec   .            h - +0 cloak
rCorr   .            (no gloves)
SInv    .            (no boots)
Will    .....        (no amulet)
Stlth   +            (no ring)
HPRegen 0.26/turn    (no ring)
MPRegen 0.09/turn

%: no passive effects
@: glowing
A: slimy green scales 1, foul stench 1
a: Renounce Religion, Stomp, Line Pass


You were on level 4 of the Dungeon.
You worshipped Uskayaw.
Uskayaw was noncommittal.
You visited 1 branch of the dungeon, and saw 4 of its levels.

You collected 144 gold pieces.

Inventory:

Hand Weapons
 a - a +0 falchion (weapon)
Armour
 b - a +0 robe (worn)
 d - an orb of light (worn)
 g - a +1 helmet (worn)
 h - a +0 cloak (worn)
Jewellery
 q - a ring of fire
Wands
 k - a wand of acid (10)
Scrolls
 n - a scroll of fear
Potions
 c - 2 potions of ambrosia
 e - a potion of curing
 f - 2 potions of resistance {unknown}
 i - a potion of brilliance {unknown}
 l - a potion of attraction {unknown}
 o - a potion of might {unknown}
 p - a potion of lignification {unknown}


   Skills:
 + Level 3.6 Fighting
 + Level 4.0 Long Blades
 + Level 3.3 Dodging
 + Level 0.4 Stealth


You had 3 spell levels left.
You didn't know any spells.
Your spell library was empty.

Dungeon Overview and Level Annotations

Branches:
Dungeon (4/15)
 Temple: D:4-7

Altars:
Cheibriados
Fedhas
Hepliaklqana
Kikubaaqudgha
Nemelex Xobeh
Trog
Uskayaw
Xom


Innate Abilities, Weirdness & Mutations

You are partially covered in slimy green scales. (AC +2)
You may rarely emit foul miasma when damaged in melee.


Message History

You hit the dart slug.
The dart slug is moderately wounded.
The ball python barely misses you. The ball python constricts you.
The ball python bites you but does no damage.
The ball python constricts you.
The dart slug bites you but does no damage.
You closely miss the ball python.
The ball python bites you but does no damage.
The ball python constricts you.
You slash the ball python!
You kill the ball python!
The dart slug briefly extends its eye-stalks.
The dart slug launches a dart at you. The slug dart hits you.
* * * LOW HITPOINT WARNING * * *
Unknown command.
Okay, then.
You slash the dart slug!
You kill the dart slug!
You can now pass through a line of other dancers.
Your Long Blades skill increases to level 4!
You hit the white imp.
The white imp is heavily wounded.
The white imp gestures at you. The puff of frost misses you.
You hit the white imp.
The white imp is severely wounded.
The white imp barely misses you. The goblin barely misses you.
The white imp hits you but does no damage.
You barely miss the white imp.
The white imp is severely wounded.
The white imp closely misses you. The goblin hits you but does no damage.
You hit the white imp.
The white imp is severely wounded.
The goblin hits you but does no damage. The white imp gestures at you.
The puff of frost hits you!
* * * LOW HITPOINT WARNING * * *
The goblin hits you with a +0 club.
You die...

...# ######### ...#
#.......# ...# #.......#
#...#. †..###†......#
....... .....#..[....#
....... .............#
....... ...#.........###
.......
...............###.......
..##.........#.5@.#......
..##.#.........gg......#
.....#####..##.........#
...#.# ##.#.........##
...#.# #.#............
...# #.#............
...............
..<............
...............


You could see a white imp and 2 goblins.

Vanquished Creatures
  A hound (D:4)
  3 adders
  A ribbon worm (D:3)
  2 dart slugs
  9 ball pythons
  4 endoplasms
  A giant cockroach (D:1)
  4 goblins
  6 hobgoblins
  4 kobolds
  2 quokkas
  3 bats
  5 frilled lizards
  A rat (D:1)
46 creatures vanquished.

Notes
Turn   | Place    | Note
-------+----------+-------------------------------------------
     0 | D:1      | Rassilon the Demonspawn Monk began the quest for the Orb.
     0 | D:1      | Reached XP level 1. HP: 18/18 MP: 1/1
   156 | D:1      | Gained mutation: You are partially covered in slimy green
                  | scales. (AC +2) [demonic ancestry]
   156 | D:1      | Reached XP level 2. HP: 21/24 MP: 2/2
   277 | D:1      | Reached skill level 3 in Long Blades
  1014 | D:2      | You fall into a shaft and drop 1 floor!
  1024 | D:3      | Reached XP level 3. HP: 29/29 MP: 3/3
  1209 | D:3      | Gained mutation: You may rarely emit foul miasma when
                  | damaged in melee. [demonic ancestry]
  1209 | D:3      | Reached XP level 4. HP: 20/35 MP: 4/4
  1360 | D:3      | Found a hide-covered altar of Uskayaw.
  1360 | D:3      | Found a sparkling altar of Nemelex Xobeh.
  1360 | D:3      | Found a blossoming altar of Fedhas.
  1361 | D:3      | Found a hazy altar of Hepliaklqana.
  1361 | D:3      | Found a shimmering altar of Xom.
  1362 | D:3      | Found a bloodstained altar of Trog.
  1363 | D:3      | Found a snail-covered altar of Cheibriados.
  1363 | D:3      | Found an ancient bone altar of Kikubaaqudgha.
  1380 | D:3      | Became a worshipper of Uskayaw the Reveller
  1380 | D:3      | Reached * piety under Uskayaw
  1491 | D:4      | Reached ** piety under Uskayaw
  1501 | D:4      | Reached skill level 4 in Long Blades
  1504 | D:4      | HP: 1/36 [white imp/puff of frost (10)]
  1504 | D:4      | Slain by a goblin

Illustrated notes

Levels and vault maps discovered:
D:1:      erik_arrival_orb_chamber, layout_basic,
          hangedman_decor_clover_reticule, solitary_fountain
D:2:      layout_loops_corners, basic_altar, minmay_pentomino_p4
D:3:      layout_rooms, nicolae_overflows_in_rows
D:4:      layout_rooms

Skill      XL: |  1  2  3  4 |
---------------+-------------+-----
Long Blades    | 3 4 |  4.0
Dodging        | 3 |  3.3
Fighting       | |  3.6
Stealth        | |  0.4

Action                     |  1- 3 |  4- 6 || total
---------------------------+-------+-------++-------
  Melee: Falchion          |   101 |    23 ||   124
 Invoke: Line Pass         |       |     1 ||     1
    Use: Scroll            |       |     5 ||     5
         Potion            |       |     1 ||     1
 Armour: Robe              |    48 |    30 ||    78
  Dodge: Dodged            |    80 |    24 ||   104
